 Dungeon Crawl Stone Soup version 0.29-a0-477-g62b78b4225 (webtiles) character file.

Game seed: 12541373834459645376

70 zeratav the Conjurer (level 4, -5/32 HPs)
             Began as a Gnoll Conjurer on May 24, 2022.
             Slain by an orc
             ... wielding a +0 flail
              (9 damage)
             ... on level 3 of the Dungeon.
             The game lasted 00:03:33 (1955 turns).

zeratav the Conjurer (Gnoll Conjurer)               Turns: 1955, Time: 00:03:34

Health: -5/32      AC:  3    Str:  6    XL:     4   Next: 22%
Magic:  4/11       EV: 14    Int: 20    God:
Gold:   147        SH:  0    Dex: 16    Spells: 10/13 levels left

rFire   . . .      SeeInvis .   g - +0 whip {mace}
rCold   . . .      Faith    .   (no shield)
rNeg    . . .      Spirit   .   a - +0 robe
rPois   .          Reflect  .   (no helmet)
rElec   .          Harm     .   r - +0 cloak
rCorr   .          Rampage  .   (no gloves)
Will    .....                   (no boots)
Stlth   +++.......              (no amulet)
HPRegen 0.10/turn               o - +6 ring of dexterity
MPRegen 0.12/turn               (no ring)

@: no status effects
A: fangs 1, strong nose, distributed training
a: no special abilities


You were on level 3 of the Dungeon.
You visited 1 branch of the dungeon, and saw 3 of its levels.

You collected 147 gold pieces.


Innate Abilities, Weirdness & Mutations

You have very sharp teeth.
Your uncanny sense of smell can sniff out nearby items.
Your experience applies equally to all skills.


   Skills:
 + Level 1.0 Fighting
 + Level 1.0 Short Blades
 + Level 1.0 Long Blades
 + Level 1.0 Axes
 + Level 1.0 Maces & Flails
 + Level 1.0 Polearms
 + Level 1.0 Staves
 + Level 1.0 Slings
 + Level 1.0 Bows
 + Level 1.0 Crossbows
 + Level 1.0 Throwing
 + Level 1.0 Armour
 + Level 4.6 Dodging
 + Level 4.2 Stealth
 + Level 1.0 Shields
 + Level 1.0 Unarmed Combat
 + Level 5.0 Spellcasting
 + Level 7.1 Conjurations
 + Level 0.8 Hexes
 + Level 0.8 Summonings
 + Level 0.8 Necromancy
 + Level 0.8 Translocations
 + Level 0.8 Transmutations
 + Level 0.8 Fire Magic
 + Level 0.8 Ice Magic
 + Level 0.8 Air Magic
 + Level 0.8 Earth Magic
 + Level 0.8 Poison Magic
 + Level 1.1 Invocations
 + Level 1.0 Evocations


You had 10 spell levels left.
You knew the following spells:

 Your Spells              Type           Power      Damage    Failure   Level
a - Magic Dart            Conj           100%       1d8       1%          1
b - Searing Ray           Conj           66%        2d6       1%          2

Your spell library contained the following spells:

 Spells                   Type           Power      Damage    Failure   Level
 Dazzling Flash           Conj/Hex       42%        N/A       7%          3
 Fulminant Prism          Conj/Hex       10%        3d9       22%         4
 Iskenderun's Mystic Bla  Conj/Tloc      21%        2d6       22%         4
 Summon Ice Beast         Ice/Summ       8%         N/A       63%         4
 Summon Mana Viper        Hex/Summ       8%         N/A       92%         5
 Monstrous Menagerie      Summ           4%         N/A       100%        7

Inventory:

Hand Weapons
 g - a +0 whip (weapon) {mace}
   (You took it off a kobold on level 1 of the Dungeon)
Armour
 a - a +0 robe (worn)
 k - a scarf of harm
   (You found it on level 1 of the Dungeon)
 r - a +0 cloak (worn)
   (You found it on level 2 of the Dungeon)
 t - a +0 ring mail
   (You took it off an orc on level 3 of the Dungeon)
 u - a +0 leather armour
   (You took it off an orc on level 3 of the Dungeon)
 v - a +0 leather armour
   (You found it on level 3 of the Dungeon)
Magical Staves
 q - a staff of air {staff}
   (You found it on level 2 of the Dungeon)
Jewellery
 o - a +6 ring of dexterity (left hand)
   (You found it on level 2 of the Dungeon)
Scrolls
 c - a scroll of fear {unknown}
 d - a scroll of fog {unknown}
 e - 2 scrolls of teleportation {unknown}
 h - 3 scrolls of identify {unknown}
 i - 2 scrolls of magic mapping {unknown}
 j - a scroll of vulnerability {unknown}
 n - a scroll of summoning {unknown}
 p - a scroll of immolation {unknown}
Potions
 b - a potion of magic
 f - 3 potions of cancellation {unknown}
 l - a potion of flight {unknown}
 m - a potion of curing {unknown}
 s - a potion of brilliance {unknown}

Dungeon Overview and Level Annotations

Branches:
Dungeon (3/15)

Altars:

#.....###.##.####.#### #..#
#>....# #.).......# #######...
#.....# #########.# #.....##..
#####.### #.###.###..... #..
...# #.....# ###### #.# ##.#
#####.## ##.#####.####### #..#
...#...........#########.##
##....#...##....@o....###..###
##.##......#.##.##o..†.......#
.....†.....# #....#.#.#.#.#.#
##.##......# ##.o.#.#.#.#.#.#
##.###....## ...).#.#.#.#.# #
##.###.#### ###...#J#.#.#.#
...#.....# #.#.#.#.#.#.#
####.....# #o#.......... #
#.....# ....#####.###


You could see an orc priest and an orc.


Message History

You can't see any susceptible monsters within range! (Use Z to cast anyway.)
You can't see any susceptible monsters within range! (Use Z to cast anyway.)
You can't see any susceptible monsters within range! (Use Z to cast anyway.)
An adder is nearby!
The magic dart hits the adder.
MP[-1]
You lost 1 mp, and now have 6/11 mp.
The magic dart hits the adder but does no damage.
MP[-1]
You lost 1 mp, and now have 5/11 mp.
The magic dart hits the adder but does no damage.
MP[-1]
You lost 1 mp, and now have 4/11 mp.
The magic dart hits the adder.
You kill the adder!
MP[-1]
You lost 1 mp, and now have 3/11 mp.
You can't see any susceptible monsters within range! (Use Z to cast anyway.)
t - a +0 ring mail
Things that are here:
a +0 flail {mace}; a +0 war axe {axe}; an orc corpse MP[+8]
Your mp is fully restored (11).
u - a +0 leather armour You see here a +0 flail {mace}.
You now have 136 gold pieces (gained 14).
v - a +0 leather armour You now have 147 gold pieces (gained 11).
A frilled lizard comes into view.
The magic dart hits the frilled lizard.
You kill the frilled lizard!
MP[-1]
You lost 1 mp, and now have 10/11 mp.
You can't see any susceptible monsters within range! (Use Z to cast anyway.)
You can't see any susceptible monsters within range! (Use Z to cast anyway.)
You see here a frilled lizard corpse.
A rat and 2 orcs come into view.
The orc shouts!
An orc priest comes into view. It is wielding a +0 flail.
An endoplasm comes into view.
MP[+1]
Your mp is fully restored (11).
The magic dart hits the orc.
The endoplasm quivers.
The orc shouts!
The orc priest shouts!
You hear a shout!
An orc comes into view. It is wielding a +0 flail.
You hear a shout!
MP[-1]
You lost 1 mp, and now have 10/11 mp.
The magic dart hits the orc.
MP[-1]
You lost 1 mp, and now have 9/11 mp.
The magic dart hits the orc.
You kill the orc!
MP[-1]
You lost 1 mp, and now have 8/11 mp.
The magic dart hits the orc.
MP[-1]
You lost 1 mp, and now have 7/11 mp.
The magic dart hits the orc.
The orc priest invokes the aid of Beogh against you.
Beogh smites you!
An orc comes into view. It is wielding a +2 vorpal flail.
HP[-14] MP[-1]
You take 14 damage, and now have 18/32 hp.
MASSIVE DAMAGE!! (PAUSE)
You lost 1 mp, and now have 6/11 mp.
You are too injured to fight recklessly!
You are too injured to fight recklessly!
The orc attacks as you move away! The orc barely misses you.
The orc falls through a shaft!
The shaft crumbles and collapses.
The orc priest invokes the aid of Beogh against you.
Beogh smites you!
* * * LOW HITPOINT WARNING * * *
HP[-13]
You take 13 damage, and now have 5/32 hp.
MASSIVE DAMAGE!! (PAUSE)
The rat attacks as you move away! The rat barely misses you.
MP[+1]
You closely miss the rat. The rat bites you.
* * * LOW HITPOINT WARNING * * *
HP[-1]
You take 1 damage, and now have 4/32 hp.
Casting: Magic Dart (safe; 1% risk of failure)
Confirm with . or Enter, or press ? or * to list all spells.
Aiming: Magic Dart (safe; 1% risk of failure)
Press: ? - help, Shift-Dir - straight line, f - rat
Aim: a rat (100% to hit)
Okay, then.
Casting: Magic Dart (safe; 1% risk of failure)
Confirm with . or Enter, or press ? or * to list all spells.
Aiming: Searing Ray (safe; 1% risk of failure)
Press: ? - help, Shift-Dir - straight line The searing ray hits the rat.
You kill the rat! (Press . to maintain the ray.) MP[-2]
You lost 2 mp, and now have 5/11 mp.
The searing ray hits the orc.
The orc hits you with a +0 flail!
You die...

Skill      XL: |  1  2  3 |
---------------+----------+-----
Spellcasting   | 5 |  5.0
Invocations    | 1 |  1.1
Fighting       | 1 |  1.0
Short Blades   | 1 |  1.0
Long Blades    | 1 |  1.0
Axes           | 1 |  1.0
Maces & Flails | 1 |  1.0
Polearms       | 1 |  1.0
Staves         | 1 |  1.0
Slings         | 1 |  1.0
Bows           | 1 |  1.0
Crossbows      | 1 |  1.0
Throwing       | 1 |  1.0
Armour         | 1 |  1.0
Shields        | 1 |  1.0
Unarmed Combat | 1 |  1.0
Evocations     | 1 |  1.0
Dodging        | |  4.6
Stealth        | |  4.2
Conjurations   | |  7.1
Hexes          | |  0.8
Summonings     | |  0.8
Necromancy     | |  0.8
Translocations | |  0.8
Transmutations | |  0.8
Fire Magic     | |  0.8
Ice Magic      | |  0.8
Air Magic      | |  0.8
Earth Magic    | |  0.8
Poison Magic   | |  0.8

Action                   |  1- 3 |  4- 6 || total
-------------------------+-------+-------++-------
Melee: Whip              |     4 |     1 ||     5
 Cast: Magic Dart        |    64 |    11 ||    75
       Searing Ray       |       |     1 ||     1
Armor: Robe              |     4 |       ||     4
Dodge: Dodged            |     6 |     2 ||     8

Levels and vault maps discovered:
D:1:      co_arrival_random_square_maze, layout_rooms,
          hellmonk_ecumenical_altar_arch_garden
D:2:      minmay_chambers_of_ones, layout_rooms, serial_co_window_serial,
          co_window_paths_a, co_window_paths_b, co_window_corner_a,
          co_window_corner_a, co_window_corner_a, co_window_corner_ca,
          co_window_broadway_c, co_window_corner_cb, co_window_broadway_b,
          co_window_broadway_c, co_window_paths_c, co_window_4corner_a,
          uniq_natasha, uniq_robin
D:3:      layout_loops_cross, minmay_misc_feat_rows, palyth_stone_intersect

Notes
Turn   | Place    | Note
-------+----------+-------------------------------------------
     0 | D:1      | zeratav the Gnoll Conjurer began the quest for the Orb.
     0 | D:1      | Reached XP level 1. HP: 13/13 MP: 6/6
     0 | D:1      | magus.rc [v1.9.6]
   418 | D:1      | You pick up a book of Beasts and begin reading...
   418 | D:1      | You add the spells Summon Ice Beast, Summon Mana Viper and
                  | Monstrous Menagerie to your library.
   474 | D:1      | Reached XP level 2. HP: 14/19 MP: 4/7
   652 | D:1      | Found a faded altar of an unknown god.
   852 | D:2      | You fall into a shaft and drop 1 floor!
  1246 | D:2      | Reached skill level 5 in Spellcasting
  1246 | D:2      | Reached XP level 3. HP: 25/25 MP: 5/9
  1457 | D:3      | Learned a level 2 spell: Searing Ray
  1530 | D:3      | Reached skill level 1 in Invocations
  1697 | D:3      | Reached skill level 1 in Fighting
  1697 | D:3      | Reached skill level 1 in Short Blades
  1697 | D:3      | Reached skill level 1 in Long Blades
  1697 | D:3      | Reached skill level 1 in Axes
  1697 | D:3      | Reached skill level 1 in Maces & Flails
  1697 | D:3      | Reached skill level 1 in Polearms
  1697 | D:3      | Reached skill level 1 in Staves
  1697 | D:3      | Reached skill level 1 in Slings
  1697 | D:3      | Reached skill level 1 in Bows
  1697 | D:3      | Reached skill level 1 in Crossbows
  1697 | D:3      | Reached skill level 1 in Throwing
  1697 | D:3      | Reached skill level 1 in Armour
  1697 | D:3      | Reached skill level 1 in Shields
  1697 | D:3      | Reached skill level 1 in Unarmed Combat
  1697 | D:3      | Reached skill level 1 in Evocations
  1749 | D:3      | Reached XP level 4. HP: 32/32 MP: 1/11
  1950 | D:3      | HP: 5/32 [orc priest/divine providence (13)]
  1955 | D:3      | Slain by an orc

Vanquished Creatures
  3 adders
  2 dart slugs
  4 orcs (D:3)
  5 endoplasms
  3 giant cockroaches
  3 goblins
  A hobgoblin (D:3)
  2 quokkas
  A ball python (D:3)
  4 bats
  2 frilled lizards
  5 kobolds
  A rat (D:3)
36 creatures vanquished.

Table legend:
 A = Non-vault XP
 B = Vault XP
 C = Vault XP percentage of total XP
 D = Non-vault monster count
 E = Vault monster count
 F = Vault count percentage of total count
                 A         B        C        D         E       F
            +---------+---------+-------+---------+---------+-------
      Total |     101 |       0 |   0.0 |      36 |       0 |   0.0
            +---------+---------+-------+---------+---------+-------
        D:1 |      16 |       0 |   0.0 |       9 |       0 |   0.0
        D:2 |      25 |       0 |   0.0 |       8 |       0 |   0.0
        D:3 |      60 |       0 |   0.0 |      19 |       0 |   0.0
            +---------+---------+-------+---------+---------+-------

Illustrated notes

Table legend:
 A = Kills in this place as a percentage of kills in entire the game.
 B = Kills by you in this place as a percentage of kills by you in the entire game.
 C = Kills by friends in this place as a percentage of kills by friends in the entire game.
 D = Other kills in this place as a percentage of other kills in the entire game.
 E = Experience gained in this place as a percentage of experience gained in the entire game.
 F = Experience gained in this place divided by the number of levels of this place that you have seen.
                   A       B       C       D       E      F
               +-------+-------+-------+-------+-------+----------------------
         Total | 100.0 | 100.0 |   N/A |   N/A | 100.0 |  33.7
       Dungeon | 100.0 | 100.0 |   N/A |   N/A | 100.0 |  33.7
               +-------+-------+-------+-------+-------+----------------------

Table legend: (Time is in decaauts)
 A = Elapsed time spent in this place.
 B = Non-inter-level travel time spent in this place.
 C = Inter-level travel time spent in this place.
 D = Time resting spent in this place.
 E = Time spent auto-exploring this place.
 F = Levels seen in this place.
 G = Mean time per level.
                   A        B        C        D        E       F      G
               +--------+--------+--------+--------+--------+-----+--------+
         Total |   1953 |   1893 |     60 |    272 |   1447 |   3 |  651.0 |
       Dungeon |   1953 |   1893 |     60 |    272 |   1447 |   3 |  651.0 |
               +--------+--------+--------+--------+--------+-----+--------+

Top non-repeatable levels by time:
     D:1: 851 daAuts
     D:3: 594 daAuts
     D:2: 507 daAuts
